AoeStats
← LeoPlaysVal

Arena

509799952Analyzed
3v3 RM · 6d ago on Sep 28, 2026· 61m 49s· 6 players
Game mode
Random Map
Map size
Normal (6 player)
Population
200
Speed
Normal
Resources
Standard
Victory
Conquest
Starting age
Dark Age
Ending age
Imperial Age
RankedLock teamsTeams togetherTeam positionsShared explorationLock speedFull tech treeHidden civsTurbo modeCheats
Victory
Defeat
🇧🇷 Britons · Brazil
792
+15
🇨🇦 Wei · Canada
756
+17
🇺🇸 Bohemians · United States
716
+19
🇨🇳 Malians · China
805
-18
🇮🇩 Goths · Indonesia
772
-17
🇨🇱 Khmer · Chile
748
-26
Ignacioarmez
23:18 Feudal Age
29:02 Wheelbarrow
35:36 Castle Age
35:08 Double-Bit Axe
54:53 Gold Mining
60:30 Imperial Age
61:31 Imperial Age
MoNoKrom
11:49 Feudal Age
10:07 Loom
18:29 Castle Age
20:46 Horse Collar
20:54 Double-Bit Axe
23:18 Stone Mining
23:20 Gold Mining
25:02 Wheelbarrow
26:28 Town Watch
28:34 Stone Shaft Mining
30:20 Forging
33:25 Imperial Age
32:03 Pikeman
34:58 Anarchy
36:12 Chemistry
35:08 Murder Holes
35:55 Elite Skirmisher
37:44 Scale Mail Armor
38:20 Iron Casting
40:39 Halberdier
42:41 Fletching
42:52 Padded Archer Armor
52:59 Hand Cart
雷霆半月斩
9:53 Feudal Age
10:57 Double-Bit Axe
15:51 Castle Age
15:54 Horse Collar
19:30 Bow Saw
19:19 Gold Mining
20:00 Heavy Plow
19:59 Stone Mining
27:10 Loom
28:01 Wheelbarrow
28:12 Town Watch
31:27 Imperial Age
30:04 Hand Cart
30:50 Gold Shaft Mining
30:30 Forging
30:21 Scale Mail Armor
30:26 Scale Barding Armor
31:10 Caravan
31:44 Tigui
31:59 Masonry
32:37 Stone Shaft Mining
33:36 Iron Casting
33:16 Chain Mail Armor
33:21 Chain Barding Armor
33:37 Elite Gbeto
34:21 Farimba
34:42 Conscription
34:58 Hoardings
35:39 Crop Rotation
35:39 Husbandry
35:51 Bloodlines
35:34 Arson
35:50 Squires
35:17 Pikeman
36:36 Plate Mail Armor
36:21 Heavy Camel Rider
45:58 Plate Barding Armor
48:43 Architecture
47:54 Treadmill Crane
49:18 Chemistry
48:39 Ballistics
48:10 Guard Tower
52:16 Cavalier
EnigmA
10:09 Feudal Age
16:33 Castle Age
16:47 Castle Age
15:53 Double-Bit Axe
17:50 Bow Saw
26:52 Ballistics
31:19 Caravan
34:42 Imperial Age
34:54 Wheelbarrow
36:26 Chemistry
36:04 Elite Hussite Wagon
37:00 Wagenburg Tactics
37:59 Hand Cart
41:18 Houfnice
42:27 Siege Engineers
LeoPlaysVal
12:02 Feudal Age
13:09 Double-Bit Axe
15:24 Wheelbarrow
19:02 Castle Age
20:31 Bow Saw
20:51 Hand Cart
24:10 Bloodlines
24:51 Bow Saw
26:50 Husbandry
26:48 Gold Mining
26:50 Loom
30:56 Scale Barding Armor
36:46 Imperial Age
36:20 Chain Barding Armor
36:12 Forging
36:58 Ballistics
37:32 Elite Tiger Cavalry
38:05 Heavy Hei Guang Cavalry
41:53 Parthian Tactics
41:37 Thumb Ring
41:37 Padded Archer Armor
46:02 Fletching
46:28 Leather Archer Armor
46:51 Iron Casting
47:54 Conscription
49:17 Chemistry
unstable
11:18 Feudal Age
15:03 Castle Age
14:19 Double-Bit Axe
14:15 Horse Collar
14:26 Gold Mining
14:27 Stone Mining
14:31 Loom
16:09 Bow Saw
16:00 Heavy Plow
20:30 Wheelbarrow
23:34 Hand Cart
23:07 Town Watch
24:10 Gold Shaft Mining
24:25 Fletching
24:36 Padded Archer Armor
25:29 Bodkin Arrow
28:08 Town Patrol
28:24 Leather Archer Armor
32:03 Imperial Age
31:17 Caravan
32:01 Ballistics
34:03 Two-Man Saw
35:02 Yeomen
36:36 Chemistry
35:42 Siege Engineers
35:50 Elite Longbowman
37:46 Bracer
38:16 Ring Archer Armor
41:36 Onager
44:36 Masonry
55:33 Warwolf
Connection lost

Rejoining the realm…

Still unreachable

The connection could not be restored.

Session expired

The server has moved on; the page needs a fresh start.